AoeStats
← drug god

Scandinavia

510523533Analyzed
1v1 RM · 2d ago on Oct 1, 2026· 30m 11s· 2 players
Game mode
Random Map
Map size
Tiny (2 player)
Population
200
Speed
Normal
Resources
Standard
Victory
Conquest
Starting age
Dark Age
Ending age
Imperial Age
RankedLock teamsTeams togetherTeam positionsShared explorationLock speedFull tech treeHidden civsTurbo modeCheats
Victory
Defeat
🇨🇳 Ethiopians · China
1050
+15
🇸🇮 Burgundians · Slovenia
1035
-15
Đibrehlija
5:00 Double-Bit Axe
6:06 Loom
12:19 Feudal Age
11:48 Fishing Lines
16:39 Castle Age
14:35 Gillnets
17:26 Bow Saw
17:38 Fletching
20:00 Padded Archer Armor
26:24 Elite Skirmisher
28:33 Leather Archer Armor
drug god
4:54 Loom
10:03 Feudal Age
13:00 Fletching
21:54 Castle Age
20:45 Padded Archer Armor
20:54 Double-Bit Axe
22:05 Crossbowman
22:48 Bodkin Arrow
24:45 Ballistics
26:33 Stone Mining
28:55 Leather Archer Armor
Connection lost

Rejoining the realm…

Still unreachable

The connection could not be restored.

Session expired

The server has moved on; the page needs a fresh start.